 Dungeon Crawl Stone Soup version 0.17.0-25-gefc9c12 (webtiles) character file.

256 septik the Ruffian (level 6, -4/56 HPs)
             Began as a Naga Fighter on Nov 18, 2015.
             Killed from afar by an orc wizard (5 damage)
             ... with a puff of frost
             ... on level 3 of the Dungeon.
             The game lasted 00:06:43 (3190 turns).

septik the Ruffian (Naga Fighter)                   Turns: 3190, Time: 00:06:43

Health: -4/56      AC:  5    Str: 23    XL:     6   Next: 16%
Magic:  6/6        EV:  5    Int:  9    God:
Gold:   176        SH: 10    Dex: 12    Spells: 0 memorised, 5 levels left

rFire  . . .     SeeInvis +       - Unarmed
rCold  . . .     Clarity  .     a - +0 scale mail
rNeg   . . .     SustAt   .     b - +1 shield
rPois  +         Gourm    .     (no helmet)
rElec  .         Spirit   .     (no cloak)
rCorr  .         Warding  .     (no gloves)
rMut   .         Stasis   .     (no barding)
MR     .....                    (no amulet)
Stlth  +.........               (no ring)
                                e - ring of stealth

@: mighty, short of breath, very slow, not resistant to hostile enchantments,
very unstealthy
A: see invisible, deformed body, poison resistance, slowness 2, slow metabolism
1, spit poison 2, AC +2
a: Spit Poison


You were on level 3 of the Dungeon.
You were not hungry.

You visited 1 branch of the dungeon, and saw 3 of its levels.

You collected 176 gold pieces.

Inventory:

Missiles
 l - 70 stones (quivered)
Armour
 a - a +0 scale mail (worn)
 b - a +1 shield (worn)
Jewellery
 e - a ring of stealth (left hand)
Scrolls
 j - a scroll of recharging {unknown}
 k - 3 scrolls of enchant armour
 n - a scroll of teleportation
Potions
 c - a potion of might
 f - a potion of magic {unknown}
 g - a potion of heal wounds {unknown}
 i - a potion of flight
 o - 2 potions of mutation
 q - a potion of lignification
 s - a potion of cure mutation {unknown}
Comestibles
 d - 3 bread rations
 m - 4 meat rations
 r - a royal jelly


   Skills:
 - Level 3.0 Fighting
 - Level 2.4 Armour
 - Level 2.4 Shields
 + Level 6.3 Unarmed Combat


You had 5 spell levels left.
You didn't know any spells.

Dungeon Overview and Level Annotations

Branches:
Dungeon (3/15)

Altars:
Nemelex Xobeh
Trog


Innate Abilities, Weirdness & Mutations

You cannot wear boots.
Your serpentine skin is tough (AC +2).
You have supernaturally acute eyesight.
Armour fits poorly on your strangely shaped body.
Your system is resistant to poisons.
You cover ground very slowly.
You have a slow metabolism.
You can spit poison.


Message History

* * * LOW HITPOINT WARNING * * *
You block the orc wizard's attack.
Press: ? - help, Shift-Dir - straight line, f/p - orc warrior
Aim: an orc warrior, wielding a halberd and wearing a chain mail (lightly wounded)
The splash of poison misses the orc wizard.
The splash of poison misses the orc warrior.
The splash of poison hits the orc.
The orc is poisoned.
You kill the orc!
You feel slightly more hungry. You block the orc warrior's attack.
The orc wizard hits you but does no damage.
Drink which item? (? for menu, Esc to quit)
You feel better. You block the orc warrior's attack.
The orc wizard barely misses you.
Drink which item? (? for menu, Esc to quit)
You feel very mighty all of a sudden.
The orc warrior hits you from afar with a halberd!
* * * LOW HITPOINT WARNING * * *
The orc wizard points at you and mumbles some strange words.
The puff of frost hits you!
You die...

.................# #.
..[.......#####.## ####.
.>#####... #.# #####§≈#. ..# #
#.# ##⌠#⌠##≈#. ..# #. ###.#
#§≈≈≈≈#≈.. .......<. #...#
##§...≈#≈.. #.#####.#. #.###
#⌠≈§..≈#§.. #...
......##.##########§._..'...
##### #.#..).ooo@.....#⌠≈...≈#≈..
#.#.###.##########§.§.§#≈#.
##....# #.# #§§§≈≈#§#.
#####.#.#.###.# ##§#⌠##§#.
...........##.###############§§#.
#####.#.#.# #.#...........# ###.
..####...####.#.#########.######.
#..÷............# #........
################# #########


You could see an orc warrior, an orc priest and an orc wizard.

Vanquished Creatures
  A giant frog (D:3)
  A crimson imp (D:3)
  7 adders
  4 oozes
  3 worms
  6 orcs (D:3)
  7 bats
  2 giant cockroaches (D:3)
  8 goblins
  9 hobgoblins
  3 kobolds (D:1)
  3 giant geckos
  A giant newt (D:3)
  A quokka (D:3)
  6 rats
62 creatures vanquished.

Notes
Turn   | Place    | Note
--------------------------------------------------------------
     0 | D:1      | septik the Naga Fighter began the quest for the Orb.
     0 | D:1      | Reached XP level 1. HP: 21/21 MP: 1/1
   282 | D:1      | Reached XP level 2. HP: 14/28 MP: 2/2
   698 | D:1      | Reached XP level 3. HP: 30/34 MP: 3/3
  1135 | D:2      | Found a sparkling altar of Nemelex Xobeh.
  1178 | D:2      | Reached skill level 4 in Unarmed Combat
  1512 | D:2      | Reached XP level 4. HP: 22/42 MP: 4/4
  2328 | D:3      | Found a bloodstained altar of Trog.
  2509 | D:3      | Noticed a giant frog
  2520 | D:3      | Killed a giant frog
  2520 | D:3      | Reached skill level 5 in Unarmed Combat
  2520 | D:3      | Reached XP level 5. HP: 30/49 MP: 5/5
  2857 | D:3      | Reached skill level 6 in Unarmed Combat
  2888 | D:3      | Reached XP level 6. HP: 21/56 MP: 6/6
  3176 | D:3      | Noticed an orc warrior
  3190 | D:3      | HP: 1/56 [orc warrior/halberd (13)]
  3190 | D:3      | Killed from afar by an orc wizard

Action                   |  1- 3 |  4- 6 || total
-------------------------+-------+-------++-------
Melee: Unarmed           |   151 |   145 ||   296
 Abil: Spit Poison       |    15 |    25 ||    40
  Use: Scroll            |     1 |     9 ||    10
       Potion            |       |     2 ||     2
  Eat: Chunk             |     2 |     6 ||     8
